 Dungeon Crawl Stone Soup version 0.24.1-1-gd1d2a07e1b (webtiles) character file.

Game seed: 13851669856466702832, levelgen mode: deterministic

41 Descartes the Skirmisher (level 3, 0/30 HPs)
             Began as a Formicid Abyssal Knight on Apr 10, 2020.
             Was a Believer of Lugonu.
             Succumbed to an adder's poison
             ... on level 2 of the Dungeon.
             The game lasted 00:02:49 (1216 turns).

Descartes the Skirmisher (Formicid Abyssal Knight)  Turns: 1216, Time: 00:02:50

Health: 0/30       AC:  5    Str: 17    XL:     3   Next: 75%
Magic:  5/5        EV: 10    Int: 11    God:    Lugonu [**....]
Gold:   38         SH:  0    Dex: 10    Spells: 2/2 levels left

rFire    . . .     SeeInvis +   e - +1 mace (crush)
rCold    . . .     Gourm    .   (no shield)
rNeg     . . .     Faith    .   g - +0 ring mail (curse)
rPois    .         Spirit   .   (helmet unavailable)
rElec    .         Reflect  .   (no cloak)
rCorr    .         Harm     .   (no gloves)
MR       .....                  (no boots)
Stlth    ..........             (no amulet)
HPRegen  0.10/turn              (no ring)
MPRegen  0.09/turn              (no ring)

@: lethally poisoned (0 -> -2)
A: permanent stasis, dig shafts and tunnels, four strong arms, antennae 3
a: Dig, Shaft Self, Depart the Abyss, Bend Space, Renounce Religion


You were on level 2 of the Dungeon.
You worshipped Lugonu.
Lugonu was pleased with you.
You were hungry.

You visited 1 branch of the dungeon, and saw 2 of its levels.
You visited the Abyss 1 time.

You collected 38 gold pieces.

Inventory:

Hand Weapons
 a - a +1 hand axe
 e - a +1 mace of crushing (weapon)
Missiles
 h - 18 arrows
 l - 27 stones (quivered)
Armour
 g - a cursed +0 ring mail (worn)
Jewellery
 k - an uncursed amulet of harm {unknown}
Scrolls
 b - a scroll of teleportation {unknown}
 f - a scroll of remove curse {unknown}
 i - a scroll of identify {unknown}
Comestibles
 c - 2 rations


   Skills:
 + Level 3.9 Fighting
 - Level 2.0 Axes
 + Level 3.0 Armour
 - Level 0.8 Dodging
 + Level 3.1 Invocations


You had 2 spell levels left.
You didn't know any spells.
Your spell library was empty.

Dungeon Overview and Level Annotations

Branches:
Dungeon (2/15)

Altars:


Innate Abilities, Weirdness & Mutations

You cannot be hasted, slowed, berserked, paralysed or teleported.
You can dig through walls and to a lower floor.
Your four strong arms can wield two-handed weapons with a shield.
You have a pair of large antennae on your head. (SInv)


Message History

Your Armour skill increases to level 3!
The rat bites you but does no damage. x2
Unknown command.
You hit the rat.
You kill the rat!
Lugonu accepts your kill.
* * * LOW HITPOINT WARNING * * *
You feel sick.
You see here a worm corpse.
You butcher the worm corpse.
* * * LOW HITPOINT WARNING * * *
You feel sick.
You see here a chunk of flesh.
It was a potion of haste.
Your stasis prevents you from being hasted.
It was a potion of magic.
Magic courses through your body.
* * * LOW HITPOINT WARNING * * *
You feel sick.
Unknown command.
You die...

#....# ..
########....#...
#...........#..
.............
........#.####
#............ .
#...#....#
..##...#.†..###..
.......@.........
..#....##..####.#
........!..####.#
#.#..!............
# #....#.....#####
#....#.....#
.#....#.....#
....>.......+
#.#..#.#.#...#


There were no monsters in sight!

Vanquished Creatures
  An adder (D:2)
  An ooze (D:2)
  2 worms (D:2)
  3 leopard geckos
  A goblin (D:1)
  3 hobgoblins (D:1)
  2 kobolds
  3 ball pythons
  2 bats
  A rat (D:2)
19 creatures vanquished.

Notes
Turn   | Place    | Note
-------+----------+-------------------------------------------
     0 | Abyss:1  | Descartes the Formicid Abyssal Knight began the quest for
                  | the Orb.
     0 | Abyss:1  | Reached XP level 1. HP: 18/18 MP: 2/2
    10 | D:1      | Escaped the Abyss
    14 | D:1      | Noticed an electric eel
    14 | D:1      | Noticed an electric eel
   420 | D:1      | Reached XP level 2. HP: 24/24 MP: 3/3
  1171 | D:2      | Reached XP level 3. HP: 20/30 MP: 5/5
  1204 | D:2      | Reached ** piety under Lugonu
  1208 | D:2      | HP: 1/30 [poisoned by an adder]
  1216 | D:2      | Succumbed to an adder's poison

Levels and vault maps discovered:
D:1:      arrival_aquarium_b, layout_basic
D:2:      layout_basic, first_ration, lemuel_blue_sif_altar

Skill      XL: |  1  2  3 |
---------------+----------+-----
Invocations    | 3 |  3.1
Armour         | 3 |  3.0
Fighting       | |  3.9
Axes           | |  2.0
Dodging        | |  0.8

Action                   || total
-------------------------++-------
Melee: Mace              ||    55
  Use: Potion            ||     2
Armor: Leather armour    ||     3
       Ring mail         ||    34
Dodge: Dodged            ||    40
